 Dungeon Sprint DCSS version 0.14.2 (webtiles) character file.

874 Groucho the Covert (level 7, -11/26 (32) HPs)
             Began as a Spriggan Enchanter on Feb 15, 2017.
             Mangled by a boulder beetle (37 damage)
             ... in the Dungeon (Sprint II: "The Violet Keep of Menkaure").
             The game lasted 00:02:58 (822 turns).

Groucho the Covert (Spriggan Enchanter)              Turns: 822, Time: 00:02:58

HP -11/26 (32)   AC  3     Str  6      XL: 7   Next: 24%
MP  22/27        EV 18     Int  8 (16) God:
Gold 243         SH  0     Dex 17      Spells:  4 memorised, 13 levels left

rFire  . . .     SeeInvis +     a - +1 dagger
rCold  . . .     Clarity  .     b - +1 robe
rNeg   . . .     Conserve .     (shield restricted)
rPois  .         rCorr    .     (helmet restricted)
rElec  .         rRot     .     (no cloak)
SustAb . .       Spirit   .     (gloves unavailable)
rMut   .         Warding  .     (boots unavailable)
Saprov . . .     NoTele   +     (no amulet)
MR     +....                    (no ring)
                                (no ring)

@: invisible, very slightly contaminated, very quick, somewhat resistant to
hostile enchantments, extraordinarily stealthy
A: unfitting armour, see invisible, herbivore 3, speed 3, slow metabolism 2
a: no special abilities


You were in the Dungeon.
You were hungry.

You visited 1 branch You collected 243 gold pieces.

Inventory:

Hand weapons
 a - a +1,+1 dagger (weapon)
Missiles
 d - 12 darts (quivered)
Armour
 b - a +1 robe (worn)
Scrolls
 k - a scroll of blinking
Potions
 e - a potion of porridge
 f - a potion of curing
 g - a potion of heal wounds
 h - a potion of haste
 i - a potion of magic
Books
 c - a book of Maledictions

   Spells                             Type                      Level
   *Corona                            Hexes                        1
   Sure Blade                         Hexes/Charms                 2
   *Ensorcelled Hibernation           Hexes/Ice                    2
   *Confuse                           Hexes                        3
   Enslavement                        Hexes                        4
   *Invisibility                      Hexes                        6


   Skills:
 - Level 1.1 Short Blades
 - Level 1.1 Throwing
 - Level 3.0 Dodging
 + Level 14.9 Stealth
 + Level 9.8 Spellcasting
 * Level 11.4 Hexes


You had 13 spell levels left.
You knew the following spells:

 Your Spells              Type           Power        Failure   Level  Hunger
a - Corona                Hex            ###....      1%          1    None
b - Ensorcelled Hibernat  Hex/Ice        ##....       2%          2    #......
c - Confuse               Hex            ###.....     1%          3    ###....
d - Invisibility          Hex            ###.....     28%         6    #######


Dungeon Overview and Level Annotations

Branches:
Dungeon (1/1)

Altars:


Innate Abilities, Weirdness & Mutations

You are tiny and cannot use many weapons and most armour.
You have supernaturally acute eyesight.
You are a herbivore.
You cover ground extremely quickly.
You need consume almost no food.


Message History

Done waiting.
There is an open door here.
There is a staircase leading out of the dungeon here.
Casting: Confuse
Confirm with . or Enter, or press ? or * to list all spells.
Aiming: Invisibility
Press: ? - help, Shift-Dir - straight line, f - you You fade into invisibility!
You are very lightly contaminated with residual magic.
You are feeling hungry.
You open the door. 2 boulder beetles come into view.
Found 243 gold pieces.
There is an open door here.
The helpless boulder beetle fails to defend itself.
You skewer the boulder beetle like a kebab!!!
The boulder beetle is severely wounded.
The boulder beetle bites you!
Ouch! That really hurt!
You die...

##%####
#.##..#
####...# #
##.###'##
.#
#...##.##H#
#'.<.+#
#...##.##$#
##.###'# H#
## #@#.# #
#.B#B.#
##.#$##
##+##


You could see a boulder beetle.

Vanquished Creatures
  4 necrophages (D)
  4 brain worms (D)
8 creatures vanquished.

Notes
Turn   | Place    | Note
--------------------------------------------------------------
     0 | D        | Groucho, the Spriggan Enchanter, began the quest for the Orb.
     0 | D        | Reached XP level 1. HP: 9/9 MP: 4/4
     1 | D        | Noticed a hippogriff
     1 | D        | Noticed a hippogriff
     5 | D        | Noticed a brain worm
     5 | D        | Noticed a brain worm
     5 | D        | Noticed a brain worm
     5 | D        | Noticed a brain worm
    13 | D        | Killed a brain worm
    13 | D        | Reached skill level 9 in Stealth
    13 | D        | Reached skill level 5 in Spellcasting
    13 | D        | Reached skill level 5 in Hexes
    13 | D        | Reached XP level 2. HP: 13/13 MP: 5/11
    13 | D        | Reached XP level 3. HP: 16/16 MP: 6/14
    13 | D        | Reached XP level 4. HP: 21/21 MP: 7/17
    15 | D        | Killed a brain worm
    15 | D        | Reached skill level 11 in Stealth
    19 | D        | Killed a brain worm
    19 | D        | Reached skill level 12 in Stealth
    19 | D        | Reached XP level 5. HP: 24/24 MP: 7/21
    41 | D        | Killed a brain worm
    41 | D        | Reached skill level 13 in Stealth
    41 | D        | Reached XP level 6. HP: 14/28 MP: 13/24
   385 | D        | Learned a level 2 spell: Ensorcelled Hibernation
   389 | D        | Learned a level 3 spell: Confuse
   396 | D        | Learned a level 6 spell: Invisibility
   397 | D        | Noticed a necrophage
   397 | D        | Noticed a necrophage
   397 | D        | Noticed a necrophage
   397 | D        | Noticed a necrophage
   409 | D        | Killed a necrophage
   413 | D        | Killed a necrophage
   413 | D        | Reached skill level 14 in Stealth
   413 | D        | Reached skill level 10 in Hexes
   431 | D        | Killed a necrophage
   431 | D        | Reached XP level 7. HP: 22/32 MP: 6/27
   440 | D        | Killed a necrophage
   819 | D        | Noticed a boulder beetle
   819 | D        | Noticed a boulder beetle
   822 | D        | Mangled by a boulder beetle

Action                   |  1- 3 |  4- 6 |  7- 9 || total
-------------------------+-------+-------+-------++-------
Melee: Dagger            |     5 |    33 |     4 ||    42
 Cast: Confuse           |       |    15 |     2 ||    17
       Invisibility      |       |       |     1 ||     1
  Use: Potion            |     1 |     1 |       ||     2
 Stab: Confused          |       |     3 |     1 ||     4
       Sleeping          |       |       |     1 ||     1
